 Dungeon Crawl Stone Soup version 0.29.0-4-gdea44cf6ec (webtiles) character file.

Game seed: 2414452822344007983

39648 qw the Brawler (level 13, -5/128 HPs)
             Began as a Troll Cinder Acolyte on Aug 31, 2022.
             Was an Elder of Okawaru.
             Slain by Snorg (11 damage)
             ... on level 10 of the Dungeon.
             The game lasted 00:08:39 (15535 turns).

qw the Brawler (Troll Cinder Acolyte)              Turns: 15535, Time: 00:08:39

Health: -5/128     AC: 17    Str: 29    XL:     13   Next: 70%
Magic:  15/16      EV: 10    Int: 10    God:    Okawaru [****..]
Gold:   1502       SH:  5    Dex:  5    Spells: 14/14 levels left

rFire   . . .      SeeInvis .     - Unarmed
rCold   . . .      Faith    .   (no shield)
rNeg    . . .      Spirit   .   r - +2 acid dragon scales
rPois   .          Reflect  +   (helmet restricted)
rElec   .          Harm     .   p - +0 cloak
rCorr   +          Rampage  .   (gloves unavailable)
Will    +....                   (boots unavailable)
Stlth   ++........              c - amulet of reflection
HPRegen 1.11/turn               l - ring of willpower
MPRegen 0.15/turn               q - +4 ring of protection

@: about to teleport, heroic
A: large, unfitting armour, claws 3, regeneration 1, shaggy fur 1, tough skin 1
a: Renounce Religion, Heroism, Finesse


You were on level 10 of the Dungeon.
You worshipped Okawaru.
Okawaru was greatly pleased with you.
You visited 3 branches of the dungeon, and saw 17 of its levels.

You collected 1812 gold pieces.
You spent 310 gold pieces at shops.


Innate Abilities, Weirdness & Mutations

You are too large for most types of armour.
You have claws for hands.
Your natural rate of healing is unusually fast.
You are covered in fur. (AC +1)
You have tough skin. (AC +1)


   Skills:
 - Level 8.5(13.5) Fighting
 + Level 5.6(10.6) Throwing
 - Level 3.0(8.0) Armour
 - Level 2.4(7.4) Dodging
 - Level 19.0(24.0) Unarmed Combat
 - Level 1.0 Spellcasting
 - Level 2.1 Fire Magic
 + Level 6.6 Invocations


You had 14 spell levels left.
You didn't know any spells.
Your spell library contained the following spells:

 Spells                   Type           Power      Damage    Failure   Level
 Scorch                   Fire           8%         2d5       24%         2

Inventory:

Missiles
 e - 10 boomerangs
 k - 3 large rocks (quivered)
 t - a silver javelin
 u - a javelin
Armour
 o - the +1 robe "Romeno" {rF+ Str+2}
   (You bought it in a shop on level 7 of the Dungeon)

   Str:       It affects your strength (+2).
   rF:        It protects you from fire.
 p - a +0 cloak (worn)
 r - +2 acid dragon scales (worn)
Jewellery
 a - a ring of fire
 c - an amulet of reflection (around neck)
 g - a ring of ice
 l - a ring of willpower (left claw)
 q - a +4 ring of protection (right claw)
Scrolls
 j - 2 scrolls of teleportation
 n - 4 scrolls of identify
 s - 2 scrolls of enchant weapon
Potions
 b - 3 potions of curing
 d - a potion of resistance
 f - 3 potions of mutation
 h - 2 potions of might
 i - 2 potions of heal wounds
 m - 2 potions of haste
 v - a potion of magic

Dungeon Overview and Level Annotations

Branches:
Dungeon (11/15)            Temple (1/1) D:6            Lair (5/5) D:8
  Swamp (0/4) Lair:2        Snake (0/4) Lair:3        Slime (0/5) Lair:5
    Orc (0/2) D:11

Altars:
Ashenzari
Cheibriados
Dithmenos
Elyvilon
Fedhas
Gozag
Hepliaklqana
Kikubaaqudgha
Makhleb
Nemelex Xobeh
Okawaru
Ru
Trog
Uskayaw
Vehumet
Xom
Yredelemnul
Zin
The Shining One
Jiyva

Shops:
D:7 [

Annotations:
D:6 3 runed translucent doors, qw's ghost, amateur TeWr
D:10 Snorg


Message History

The puff of frost hits you but does no damage.
15525 ||| INVOKING Heroism.
You gain the combat prowess of a mighty hero.
Snorg shouts!
You hear a shout!
A gnoll comes into view. It is wielding a +0 club.
A gnoll comes into view. It is wielding a +0 flail.
A gnoll comes into view. It is wielding a +0 whip.
A gnoll comes into view. It is wielding a +0 whip.
Snorg draws her long claws delicately across her gut.
A gnoll sergeant comes into view. It is wielding a +0 trident.
The white imp hits you but does no damage.
Snorg goes berserk!
You barely miss the white imp.
The white imp hits you but does no damage.
The gnoll shouts!
You hear a shout!
You mangle the white imp!!
You kill the white imp!
Okawaru accepts your kill. Snorg bites you!! Snorg claws you!
Snorg claws you but does no damage. Snorg bites you! Snorg closely misses you.
Snorg claws you!
There is an empty arch of ancient stone, spattered with blood here.
15531 ||| Stepping ~*~*~tactically~*~*~ (outnumbered).
The gnoll attacks as you move away! The gnoll closely misses you.
Snorg attacks as you move away! Snorg bites you but does no damage.
Snorg claws you but does no damage. Snorg closely misses you.
15532 ||| Stepping ~*~*~tactically~*~*~ (outnumbered).
The gnoll attacks as you move away! You block the gnoll's attack.
Snorg bites you! Snorg claws you! Snorg closely misses you.
15533 ||| Stepping ~*~*~tactically~*~*~ (outnumbered).
The gnoll attacks as you move away! The gnoll barely misses you.
Snorg rages.
15534 ||| Stepping ~*~*~tactically~*~*~ (outnumbered).
Snorg attacks as you move away! Snorg bites you. Snorg claws you!
Snorg claws you but does no damage. Snorg bites you! Snorg claws you!!
Snorg claws you but does no damage.
15535 ||| READING 3 scrolls of teleportation.
As you read the scroll of teleportation, it crumbles to dust.
You feel strangely unstable. Snorg barely misses you. Snorg claws you!
You die...

##..~....~~.#
####...~~.\.~~.#
.......~~g..~~.#
.......~g...~~.#
.......~~(\.~~.#
........~g..~~.#
........g..~~..#
..###Tg~~..~..#
#..@.~~.~...####
+.....~~(.......
#.....~~~....##
.#####.~~~...$#
.......)......#
#######)).....#
#.....#..¤.
#..)..#.¤¤.¤.¤¤
#.....# .¤..¤


You could see Snorg (berserk), a gnoll sergeant and 4 gnolls.

Vanquished Creatures
  5 hydras
  3 catoblepae (Lair:5)
  2 two-headed ogres
  5 death yaks (Lair:5)
  A cyclops (D:11)
  3 manticores
  4 elephants (Lair:3)
  4 black mambas
  9 cane toads
  2 rime drakes
  6 komodo dragons
  A freezing wraith (Lair:2)
  3 polar bears (Lair:5)
  3 trolls
  21 blink frogs
  5 dream sheep (Lair:5)
  Sigmund (D:2)
  A spriggan (Lair:5)
  2 wyverns (Lair:3)
  11 fire elementals
  40 yaks
  4 basilisks
  3 vampire mosquitoes (D:11)
  A steam dragon (D:9)
  2 acid dragons (D:8)
  15 water moccasins
  2 swamp worms (Lair:2)
  3 orc warriors
  A sky beast (D:7)
  13 ice beasts
  A hornet zombie (D:5)
  An ogre (D:5)
  4 centaurs
  6 phantoms
  7 bullfrogs
  6 scorpions
  A gnoll sergeant (D:8)
  2 water moccasin zombies (D:5)
  13 wights
  10 killer bees
  An electric eel (D:10)
  2 centaur zombies
  5 bullfrog zombies
  3 hounds
  8 orc priests
  2 bullfrog skeletons (D:5)
  A jelly (D:6)
  8 iguanas
  Terence (D:3)
  Jessica (D:2)
  A gnoll bouda (D:8)
  5 orc wizards
  Ijyb (D:3)
  2 centaur simulacra (D:10)
  A howler monkey zombie (D:5)
  Robin (D:2)
  14 gnolls
  8 adders
  6 white imps
  An ufetubus (D:4)
  An adder zombie (D:5)
  2 worms (D:3)
  2 dart slugs
  26 orcs
  3 ball pythons
  4 endoplasms
  2 giant cockroaches (D:3)
  16 goblins
  7 hobgoblins
  6 jackals
  4 quokkas
  8 bats
  A frilled lizard (D:1)
  10 kobolds
  9 rats
400 creatures vanquished.

Vanquished Creatures (others)
  A kobold brigand (D:7)
  7 fungi
  28 plants
  A withered plant (D:5)
37 creatures vanquished.

Grand Total: 437 creatures vanquished

Notes
Turn   | Place    | Note
-------+----------+-------------------------------------------
     0 | D:1      | qw the Troll Cinder Acolyte began the quest for the Orb.
     0 | D:1      | Reached XP level 1. HP: 22/22 MP: 1/1
     0 | D:1      | 0 ||| qw: Version: 0.1-a-97-g2dd2ca4
     0 | D:1      | 0 ||| qw: Game counter: 4581
     0 | D:1      | 0 ||| qw: Always use a shield: true
     0 | D:1      | 0 ||| qw: God list: Okawaru
     0 | D:1      | 0 ||| qw: Allow faded altars: false
     0 | D:1      | 0 ||| qw: Do Orc after D:15 true
     0 | D:1      | 0 ||| qw: Do second Lair branch before Depths: true
     0 | D:1      | 0 ||| qw: Lair rune preference: random
     0 | D:1      | 0 ||| qw: Plans: Normal
     0 | D:1      | 0 ||| PLANNING D:1-11
    61 | D:1      | 61 ||| Stepping ~*~*~tactically~*~*~ (hiding).
   286 | D:1      | 286 ||| Stepping ~*~*~tactically~*~*~ (stealth).
   291 | D:1      | Reached XP level 2. HP: 29/29 MP: 2/2
   294 | D:1      | 294 ||| Stepping ~*~*~tactically~*~*~ (outnumbered).
   295 | D:1      | 295 ||| Stepping ~*~*~tactically~*~*~ (outnumbered).
   296 | D:1      | 296 ||| Stepping ~*~*~tactically~*~*~ (outnumbered).
   297 | D:1      | 297 ||| Stepping ~*~*~tactically~*~*~ (outnumbered).
   298 | D:1      | 298 ||| Stepping ~*~*~tactically~*~*~ (outnumbered).
   299 | D:1      | 299 ||| Stepping ~*~*~tactically~*~*~ (outnumbered).
   340 | D:1      | Found a faded altar of an unknown god.
   358 | D:1      | 358 ||| Stepping ~*~*~tactically~*~*~ (stealth).
   379 | D:1      | Reached skill level 4 in Unarmed Combat
   561 | D:1      | 561 ||| Stepping ~*~*~tactically~*~*~ (stealth).
   565 | D:1      | Reached XP level 3. HP: 36/36 MP: 3/3
   583 | D:1      | 583 ||| Stepping ~*~*~tactically~*~*~ (stealth).
   585 | D:1      | 585 ||| Stepping ~*~*~tactically~*~*~ (stealth).
   976 | D:1      | 976 ||| READING scroll labelled PERUON GIOTE.
  1005 | D:2      | Noticed Jessica
  1006 | D:2      | 1006 ||| Stepping ~*~*~tactically~*~*~ (stealth).
  1009 | D:2      | 1009 ||| Stepping ~*~*~tactically~*~*~ (hiding).
  1019 | D:2      | Killed Jessica
  1020 | D:2      | Reached skill level 1 in Throwing
  1038 | D:2      | 1038 ||| Stepping ~*~*~tactically~*~*~ (stealth).
  1040 | D:2      | 1040 ||| Stepping ~*~*~tactically~*~*~ (stealth).
  1042 | D:2      | 1042 ||| Stepping ~*~*~tactically~*~*~ (stealth).
  1053 | D:2      | Noticed Robin
  1054 | D:2      | Reached XP level 4. HP: 44/44 MP: 4/4
  1054 | D:2      | 1054 ||| Stepping ~*~*~tactically~*~*~ (stealth).
  1056 | D:2      | 1056 ||| Stepping ~*~*~tactically~*~*~ (hiding).
  1059 | D:2      | 1059 ||| Stepping ~*~*~tactically~*~*~ (hiding).
  1060 | D:2      | 1060 ||| Stepping ~*~*~tactically~*~*~ (hiding).
  1062 | D:2      | 1062 ||| Stepping ~*~*~tactically~*~*~ (outnumbered).
  1063 | D:2      | 1063 ||| Stepping ~*~*~tactically~*~*~ (outnumbered).
  1064 | D:2      | 1064 ||| Stepping ~*~*~tactically~*~*~ (outnumbered).
  1065 | D:2      | 1065 ||| Stepping ~*~*~tactically~*~*~ (hiding).
  1066 | D:2      | 1066 ||| Stepping ~*~*~tactically~*~*~ (hiding).
  1067 | D:2      | 1067 ||| Stepping ~*~*~tactically~*~*~ (hiding).
  1068 | D:2      | 1068 ||| Stepping ~*~*~tactically~*~*~ (hiding).
  1071 | D:2      | 1071 ||| Stepping ~*~*~tactically~*~*~ (outnumbered).
  1084 | D:2      | Killed Robin
  1333 | D:2      | Noticed Sigmund
  1335 | D:2      | 1335 ||| FLEEEEING.
  1336 | D:2      | 1336 ||| FLEEEEING.
  1337 | D:2      | 1337 ||| FLEEEEING.
  1338 | D:2      | 1338 ||| FLEEEEING.
  1339 | D:2      | 1339 ||| FLEEEEING.
  1341 | D:2      | 1341 ||| FLEEEEING.
  1365 | D:2      | Killed Sigmund
  1366 | D:2      | Reached skill level 6 in Unarmed Combat
  1366 | D:2      | Reached XP level 5. HP: 50/50 MP: 5/5
  1366 | D:2      | Reached XP level 6. HP: 59/59 MP: 6/6
  1931 | D:2      | 1931 ||| READING scroll labelled QAEL UTOUX.
  1932 | D:2      | 1932 ||| DRINKING 2 murky clear potions.
  1982 | D:3      | Noticed Terence
  1990 | D:3      | Killed Terence
  2136 | D:3      | 2136 ||| Stepping ~*~*~tactically~*~*~ (stealth).
  2137 | D:3      | 2137 ||| Stepping ~*~*~tactically~*~*~ (stealth).
  2649 | D:3      | Found a shimmering altar of Xom.
  2653 | D:3      | Noticed Ijyb
  2653 | D:3      | Paralysed by Ijyb for 2 turns
  2655 | D:3      | 2655 ||| Stepping ~*~*~tactically~*~*~ (hiding).
  2670 | D:3      | 2670 ||| Stepping ~*~*~tactically~*~*~ (hiding).
  2672 | D:3      | 2672 ||| Stepping ~*~*~tactically~*~*~ (hiding).
  2673 | D:3      | 2673 ||| Stepping ~*~*~tactically~*~*~ (hiding).
  2678 | D:3      | Paralysed by Ijyb for 2 turns
  2681 | D:3      | Killed Ijyb
  2682 | D:3      | Reached skill level 7 in Unarmed Combat
  2798 | D:3      | Found a burning altar of Makhleb.
  2975 | D:3      | 2975 ||| READING scroll labelled YNGORR IGYT.
  3024 | D:3      | 3024 ||| DRINKING 2 lumpy inky potions.
  3146 | D:3      | 3146 ||| DROPPING potion of ambrosia.
  3216 | D:4      | 3216 ||| Stepping ~*~*~tactically~*~*~ (hiding).
  3218 | D:4      | 3218 ||| Stepping ~*~*~tactically~*~*~ (hiding).
  3223 | D:4      | 3223 ||| INVOKING Fiery Armour.
  3417 | D:4      | 3417 ||| Stepping ~*~*~tactically~*~*~ (hiding).
  3545 | D:4      | 3545 ||| INVOKING Fiery Armour.
  3546 | D:4      | 3546 ||| Stepping ~*~*~tactically~*~*~ (outnumbered).
  3547 | D:4      | 3547 ||| Stepping ~*~*~tactically~*~*~ (hiding).
  3557 | D:4      | Reached XP level 7. HP: 38/66 MP: 7/7
  3565 | D:4      | Reached skill level 8 in Unarmed Combat
  4088 | D:4      | 4088 ||| UPGRADING to amulet of reflection.
  4093 | D:4      | 4093 ||| UPGRADING to ring of willpower.
  4162 | D:4      | 4162 ||| READING scroll of teleportation.
  4163 | D:4      | 4163 ||| STAIRDANCE
  4301 | D:4      | 4301 ||| Stepping randomly (stuck).
  4361 | D:5      | Entered Level 5 of the Dungeon
  4373 | D:5      | Found a radiant altar of Vehumet.
  4384 | D:5      | Reached skill level 3 in Fighting
  4484 | D:5      | Reached skill level 9 in Unarmed Combat
  4484 | D:5      | Reached XP level 8. HP: 74/75 MP: 8/8
  4623 | D:5      | Reached skill level 1 in Dodging
  4640 | D:5      | 4640 ||| Stepping ~*~*~tactically~*~*~ (stealth).
  4892 | D:5      | Reached skill level 10 in Unarmed Combat
  4979 | D:5      | Found a white marble altar of Elyvilon.
  5049 | D:5      | 5049 ||| Stepping ~*~*~tactically~*~*~ (stealth).
  5289 | D:5      | 5289 ||| READING scroll labelled QEDOGO PUCHUQ.
  5290 | D:5      | 5290 ||| READING scroll labelled WEQESOA XATIOMN.
  5291 | D:5      | 5291 ||| DRINKING 2 pink potions.
  5292 | D:5      | 5292 ||| DRINKING 2 ruby potions.
  5369 | D:4      | 5369 ||| Stepping randomly (stuck).
  5448 | D:4      | Found a broken altar of Ashenzari.
  5449 | D:4      | 5449 ||| Stepping randomly (stuck).
  5464 | D:6      | Found a staircase to the Ecumenical Temple.
  5558 | D:6      | 5558 ||| INVOKING Fiery Armour.
  5560 | D:6      | Identified the +0 short sword "Wiory" {vamp, Fragile rPois
                  | Str+4}
  5562 | D:6      | Reached XP level 9. HP: 56/85 MP: 9/9
  5565 | D:6      | Reached skill level 11 in Unarmed Combat
  5566 | D:6      | 5566 ||| Stepping ~*~*~tactically~*~*~ (outnumbered).
  5569 | D:6      | 5569 ||| FLEEEEING.
  5570 | D:6      | 5570 ||| FLEEEEING.
  5572 | D:6      | 5572 ||| FLEEEEING.
  5573 | D:6      | 5573 ||| FLEEEEING.
  5574 | D:6      | 5574 ||| FLEEEEING.
  5575 | D:6      | 5575 ||| FLEEEEING.
  5576 | D:6      | 5576 ||| FLEEEEING.
  5577 | D:6      | 5577 ||| FLEEEEING.
  5578 | D:6      | 5578 ||| FLEEEEING.
  5579 | D:6      | 5579 ||| FLEEEEING.
  5581 | D:6      | 5581 ||| FLEEEEING.
  5582 | D:6      | 5582 ||| FLEEEEING.
  5583 | D:6      | 5583 ||| FLEEEEING.
  5584 | D:6      | 5584 ||| FLEEEEING.
  5585 | D:6      | 5585 ||| FLEEEEING.
  5586 | D:6      | 5586 ||| STAIRDANCE
  5616 | D:5      | 5616 ||| READING scroll labelled YNEBITI EJIO.
  5726 | D:6      | Found a glowing golden altar of the Shining One.
  5745 | D:6      | 5745 ||| Stepping ~*~*~tactically~*~*~ (outnumbered).
  5747 | D:6      | 5747 ||| Stepping ~*~*~tactically~*~*~ (outnumbered).
  5986 | D:6      | 5986 ||| Stepping ~*~*~tactically~*~*~ (hiding).
  6030 | D:6      | Found a runed translucent gate.
  6030 | D:6      | Found a runed translucent gate.
  6030 | D:6      | Found a runed translucent gate.
  6030 | D:6      | Noticed qw's ghost (amateur TeWr)
  6033 | D:6      | 6033 ||| READING 2 scrolls of identify.
  6033 | D:6      | 6033 ||| IDENTIFYING bubbling red potion
  6034 | D:6      | Found a basalt altar of Yredelemnul.
  6037 | D:6      | 6037 ||| Stepping ~*~*~tactically~*~*~ (stealth).
  6317 | D:6      | 6317 ||| Stepping randomly (stuck).
  6338 | D:7      | Found Coesep's Armour Shoppe.
  6341 | D:7      | 6341 ||| BUYING +1 robe "Romeno" {rF+ Str+2} (310 gold).
  6341 | D:7      | Bought the +1 robe "Romeno" {rF+ Str+2} for 310 gold pieces
  6341 | D:7      | 6341 ||| SHOPLISTING +2 robe of Liupic {rCorr Stlth+} (339
                  | gold, have 93).
  6426 | D:7      | Reached skill level 12 in Unarmed Combat
  6479 | D:7      | Found an opulent altar of Gozag.
  6553 | D:7      | 6553 ||| UPGRADING to +1 robe "Romeno" {rF+ Str+2}.
  6563 | D:7      | 6563 ||| DROPPING +0 robe.
  6564 | D:7      | 6564 ||| READING scroll labelled CUID KUFYJYOHI.
  6565 | D:7      | 6565 ||| READING 2 scrolls of identify.
  6565 | D:7      | 6565 ||| IDENTIFYING bubbling silvery potion
  6566 | D:7      | 6566 ||| DROPPING potion of attraction.
  6567 | D:7      | 6567 ||| Stepping randomly (stuck).
  6572 | D:7      | 6572 ||| Stepping randomly (stuck).
  6573 | D:7      | 6573 ||| Stepping randomly (stuck).
  6574 | D:7      | 6574 ||| Stepping randomly (stuck).
  6576 | D:7      | 6576 ||| Stepping randomly (stuck).
  6577 | D:7      | 6577 ||| Stepping randomly (stuck).
  6578 | D:7      | 6578 ||| Stepping randomly (stuck).
  6579 | D:7      | 6579 ||| Stepping randomly (stuck).
  6580 | D:7      | 6580 ||| Stepping randomly (stuck).
  6581 | D:7      | 6581 ||| Stepping randomly (stuck).
  6582 | D:7      | 6582 ||| Stepping randomly (stuck).
  6583 | D:7      | 6583 ||| Stepping randomly (stuck).
  6584 | D:7      | 6584 ||| Stepping randomly (stuck).
  6622 | D:7      | 6622 ||| Stepping randomly (stuck).
  6623 | D:7      | 6623 ||| Stepping randomly (stuck).
  6624 | D:7      | 6624 ||| Stepping randomly (stuck).
  6625 | D:7      | 6625 ||| Stepping randomly (stuck).
  6626 | D:7      | 6626 ||| Stepping randomly (stuck).
  6659 | D:7      | 6659 ||| Stepping ~*~*~tactically~*~*~ (stealth).
  6668 | D:7      | 6668 ||| Stepping ~*~*~tactically~*~*~ (stealth).
  6676 | D:7      | 6676 ||| FLEEEEING.
  6677 | D:7      | 6677 ||| FLEEEEING.
  6678 | D:7      | 6678 ||| FLEEEEING.
  6679 | D:7      | 6679 ||| FLEEEEING.
  6680 | D:7      | 6680 ||| FLEEEEING.
  6681 | D:7      | 6681 ||| FLEEEEING.
  6683 | D:7      | 6683 ||| FLEEEEING.
  6684 | D:7      | 6684 ||| FLEEEEING.
  6685 | D:7      | 6685 ||| FLEEEEING.
  6686 | D:7      | 6686 ||| FLEEEEING.
  6687 | D:7      | 6687 ||| FLEEEEING.
  6688 | D:7      | 6688 ||| FLEEEEING.
  6689 | D:7      | 6689 ||| FLEEEEING.
  6693 | D:7      | 6693 ||| FLEEEEING.
  6694 | D:7      | 6694 ||| FLEEEEING.
  6695 | D:7      | 6695 ||| FLEEEEING.
  6696 | D:7      | 6696 ||| FLEEEEING.
  6697 | D:7      | 6697 ||| FLEEEEING.
  6698 | D:7      | 6698 ||| FLEEEEING.
  6699 | D:7      | 6699 ||| FLEEEEING.
  6707 | D:7      | 6707 ||| FLEEEEING.
  6708 | D:7      | 6708 ||| FLEEEEING.
  6709 | D:7      | 6709 ||| FLEEEEING.
  6723 | D:7      | 6723 ||| FLEEEEING.
  6724 | D:7      | 6724 ||| FLEEEEING.
  6725 | D:7      | 6725 ||| FLEEEEING.
  6726 | D:7      | 6726 ||| FLEEEEING.
  6727 | D:7      | 6727 ||| FLEEEEING.
  6728 | D:7      | 6728 ||| FLEEEEING.
  6729 | D:7      | 6729 ||| FLEEEEING.
  6730 | D:7      | 6730 ||| FLEEEEING.
  6731 | D:7      | 6731 ||| FLEEEEING.
  6732 | D:7      | 6732 ||| FLEEEEING.
  6733 | D:7      | 6733 ||| FLEEEEING.
  6734 | D:7      | 6734 ||| FLEEEEING.
  6735 | D:7      | 6735 ||| FLEEEEING.
  6736 | D:7      | 6736 ||| FLEEEEING.
  6737 | D:7      | 6737 ||| FLEEEEING.
  6738 | D:7      | 6738 ||| FLEEEEING.
  6785 | D:7      | 6785 ||| Stepping ~*~*~tactically~*~*~ (hiding).
  7116 | D:7      | 7116 ||| READING 2 scrolls labelled YPTUCV BEYMM.
  7135 | D:7      | 7135 ||| READING scroll labelled ACAKEMOITE.
  7136 | D:7      | 7136 ||| DRINKING 2 sedimented dark potions.
  7137 | D:7      | 7137 ||| DROPPING potion of invisibility.
  7138 | D:7      | 7138 ||| DROPPING scroll of blinking.
  7139 | D:7      | 7139 ||| Stepping randomly (stuck).
  7140 | D:7      | 7140 ||| Stepping randomly (stuck).
  7377 | D:7      | You fall into a shaft and drop 2 floors!
  7394 | D:9      | Reached skill level 13 in Unarmed Combat
  7400 | D:9      | 7400 ||| Stepping ~*~*~tactically~*~*~ (stealth).
  7401 | D:9      | 7401 ||| Stepping ~*~*~tactically~*~*~ (stealth).
  7527 | D:9      | Reached XP level 10. HP: 96/96 MP: 10/10
  7629 | D:9      | 7629 ||| INVOKING Fiery Armour.
  7692 | D:8      | Reached skill level 14 in Unarmed Combat
  7805 | D:8      | 7805 ||| DROPPING +0 steam dragon scales.
  7806 | D:8      | 7806 ||| UPGRADING to +0 acid dragon scales.
  7970 | D:8      | 7970 ||| STAIRDANCE
  7989 | D:8      | 7989 ||| STAIRDANCE
  8096 | D:8      | 8096 ||| STAIRDANCE
  8104 | D:7      | 8104 ||| READING 2 scrolls of identify.
  8104 | D:7      | 8104 ||| IDENTIFYING grey potion
  8105 | D:7      | 8105 ||| DROPPING potion of degeneration.
  8109 | D:8      | 8109 ||| STAIRDANCE
  8127 | D:8      | 8127 ||| STAIRDANCE
  8132 | D:8      | 8132 ||| STAIRDANCE
  8135 | D:7      | Reached skill level 1 in Armour
  8333 | D:8      | 8333 ||| Stepping ~*~*~tactically~*~*~ (stealth).
  8335 | D:8      | 8335 ||| Stepping ~*~*~tactically~*~*~ (hiding).
  8482 | D:8      | 8482 ||| INVOKING Fiery Armour.
  8482 | D:8      | HP: 19/96 [troll (9)]
  8483 | D:8      | 8483 ||| DRINKING 3 potions of heal wounds.
  8604 | D:8      | 8604 ||| Stepping ~*~*~tactically~*~*~ (hiding).
  8605 | D:8      | 8605 ||| Stepping ~*~*~tactically~*~*~ (hiding).
  8606 | D:8      | 8606 ||| Stepping ~*~*~tactically~*~*~ (hiding).
  8613 | D:8      | 8613 ||| Stepping ~*~*~tactically~*~*~ (outnumbered).
  8617 | D:8      | 8617 ||| Stepping ~*~*~tactically~*~*~ (outnumbered).
  8633 | D:8      | 8633 ||| Stepping ~*~*~tactically~*~*~ (stealth).
  8682 | D:8      | 8682 ||| Stepping ~*~*~tactically~*~*~ (stealth).
  8894 | D:8      | Found a staircase to the Lair.
  8898 | D:8      | 8898 ||| Stepping randomly (stuck).
  8899 | D:8      | 8899 ||| PLANNING LAIR
  8901 | Lair:1   | Entered Level 1 of the Lair of Beasts
  8925 | Lair:1   | Found a hide-covered altar of Uskayaw.
  8978 | Lair:1   | Reached skill level 6 in Fighting
  9159 | Lair:1   | Noticed a cane toad
  9164 | Lair:1   | Killed a cane toad
  9600 | Lair:1   | 9600 ||| READING 2 scrolls of identify.
  9600 | Lair:1   | 9600 ||| IDENTIFYING green potion
  9601 | Lair:1   | 9601 ||| DROPPING potion of flight.
  9630 | Lair:2   | Noticed an ice statue
  9631 | Lair:2   | 9631 ||| INVOKING Fiery Armour.
  9642 | Lair:2   | 9642 ||| Stepping ~*~*~tactically~*~*~ (outnumbered).
  9643 | Lair:2   | 9643 ||| Stepping ~*~*~tactically~*~*~ (outnumbered).
  9644 | Lair:2   | 9644 ||| Stepping ~*~*~tactically~*~*~ (outnumbered).
  9649 | Lair:2   | 9649 ||| FLEEEEING.
  9650 | Lair:2   | 9650 ||| FLEEEEING.
  9655 | Lair:2   | 9655 ||| Stepping ~*~*~tactically~*~*~ (outnumbered).
  9656 | Lair:2   | 9656 ||| Stepping ~*~*~tactically~*~*~ (outnumbered).
  9658 | Lair:2   | 9658 ||| Stepping ~*~*~tactically~*~*~ (stealth).
  9690 | Lair:2   | 9690 ||| Stepping ~*~*~tactically~*~*~ (outnumbered).
  9733 | Lair:2   | 9733 ||| INVOKING Fiery Armour.
  9737 | Lair:2   | Reached skill level 15 in Unarmed Combat
  9737 | Lair:2   | Reached XP level 11. HP: 105/105 MP: 11/11
  9739 | Lair:2   | 9739 ||| Stepping ~*~*~tactically~*~*~ (outnumbered).
  9745 | Lair:2   | 9745 ||| Stepping ~*~*~tactically~*~*~ (outnumbered).
  9862 | Lair:2   | Found a dark tunnel.
  9892 | Lair:2   | Identified the +10 great mace of Courage {freeze, rPois
                  | rCorr}
 10137 | Lair:2   | 10137 ||| READING scroll of enchant armour.
 10137 | Lair:2   | 10137 ||| ENCHANTING +0 acid dragon scales.
 10224 | Lair:2   | Noticed a five-headed hydra
 10225 | Lair:2   | 10225 ||| Stepping ~*~*~tactically~*~*~ (stealth).
 10226 | Lair:2   | Noticed a five-headed hydra
 10227 | Lair:2   | 10227 ||| INVOKING Fiery Armour.
 10229 | Lair:2   | 10229 ||| Stepping ~*~*~tactically~*~*~ (outnumbered).
 10234 | Lair:2   | Killed a seven-headed hydra
 10235 | Lair:2   | Reached skill level 16 in Unarmed Combat
 10235 | Lair:2   | HP: 24/105 [swamp worm (14)]
 10236 | Lair:2   | 10236 ||| FLEEEEING.
 10237 | Lair:2   | 10237 ||| FLEEEEING.
 10238 | Lair:2   | 10238 ||| FLEEEEING.
 10239 | Lair:2   | 10239 ||| FLEEEEING.
 10241 | Lair:2   | HP: 21/105 [six-headed hydra (10)]
 10241 | Lair:2   | Killed a six-headed hydra
 10357 | Lair:2   | 10357 ||| FLEEEEING.
 10358 | Lair:2   | 10358 ||| FLEEEEING.
 10359 | Lair:2   | 10359 ||| FLEEEEING.
 10363 | Lair:2   | 10363 ||| FLEEEEING.
 10365 | Lair:2   | 10365 ||| INVOKING Fiery Armour.
 10367 | Lair:2   | 10367 ||| FLEEEEING.
 10370 | Lair:2   | 10370 ||| STAIRDANCE
 10380 | Lair:1   | 10380 ||| DRINKING 2 smoky grey potions.
 10485 | Lair:1   | 10485 ||| READING 4 scrolls of identify.
 10485 | Lair:1   | 10485 ||| IDENTIFYING yellow potion
 10486 | Lair:1   | 10486 ||| READING 3 scrolls of identify.
 10486 | Lair:1   | 10486 ||| IDENTIFYING sedimented clear potion
 10487 | Lair:1   | 10487 ||| READING 2 scrolls of identify.
 10487 | Lair:1   | 10487 ||| IDENTIFYING inky potion
 10488 | Lair:1   | 10488 ||| DROPPING potion of berserk rage.
 10489 | Lair:1   | 10489 ||| DROPPING potion of lignification.
 10490 | Lair:1   | 10490 ||| DROPPING potion of brilliance.
 10491 | Lair:1   | 10491 ||| DROPPING potion of magic.
 10517 | Lair:2   | 10517 ||| Stepping ~*~*~tactically~*~*~ (outnumbered).
 10666 | Lair:2   | Found a staircase to the Swamp.
 10786 | Lair:2   | 10786 ||| INVOKING Fiery Armour.
 10788 | Lair:2   | 10788 ||| Stepping ~*~*~tactically~*~*~ (cloud).
 10822 | Lair:2   | 10822 ||| Stepping ~*~*~tactically~*~*~ (cloud).
 10845 | Lair:3   | 10845 ||| Stepping ~*~*~tactically~*~*~ (hiding).
 10963 | Lair:3   | 10963 ||| Stepping ~*~*~tactically~*~*~ (stealth).
 10966 | Lair:3   | 10966 ||| INVOKING Fiery Armour.
 10969 | Lair:3   | 10969 ||| Stepping ~*~*~tactically~*~*~ (outnumbered).
 10999 | Lair:3   | 10999 ||| Stepping ~*~*~tactically~*~*~ (stealth).
 11080 | Lair:3   | Found a staircase to the Snake Pit.
 11102 | Lair:3   | Reached skill level 17 in Unarmed Combat
 11106 | Lair:3   | 11106 ||| Stepping ~*~*~tactically~*~*~ (outnumbered).
 11107 | Lair:3   | 11107 ||| Stepping ~*~*~tactically~*~*~ (outnumbered).
 11108 | Lair:3   | 11108 ||| Stepping ~*~*~tactically~*~*~ (outnumbered).
 11109 | Lair:3   | 11109 ||| Stepping ~*~*~tactically~*~*~ (outnumbered).
 11111 | Lair:3   | 11111 ||| Stepping ~*~*~tactically~*~*~ (outnumbered).
 11112 | Lair:3   | 11112 ||| Stepping ~*~*~tactically~*~*~ (outnumbered).
 11117 | Lair:3   | 11117 ||| FLEEEEING.
 11118 | Lair:3   | 11118 ||| FLEEEEING.
 11119 | Lair:3   | 11119 ||| FLEEEEING.
 11121 | Lair:3   | 11121 ||| FLEEEEING.
 11122 | Lair:3   | 11122 ||| FLEEEEING.
 11123 | Lair:3   | 11123 ||| FLEEEEING.
 11124 | Lair:3   | 11124 ||| STAIRDANCE
 11157 | Lair:3   | Reached XP level 12. HP: 99/118 MP: 12/12
 11297 | Lair:3   | 11297 ||| Stepping ~*~*~tactically~*~*~ (stealth).
 11298 | Lair:3   | 11298 ||| Stepping ~*~*~tactically~*~*~ (stealth).
 11543 | Lair:3   | 11543 ||| INVOKING Fiery Armour.
 11545 | Lair:3   | 11545 ||| Stepping ~*~*~tactically~*~*~ (outnumbered).
 11548 | Lair:3   | Reached skill level 3 in Throwing
 11622 | Lair:3   | 11622 ||| Stepping ~*~*~tactically~*~*~ (outnumbered).
 11813 | Lair:3   | 11813 ||| PLANNING TEMPLE
 11813 | Lair:3   | 11813 ||| READING scroll labelled YTHEEX FAV JOU.
 11959 | Temple   | Entered the Ecumenical Temple
 12000 | Temple   | 12000 ||| PLANNING CONVERSION TO OKAWARU
 12007 | Temple   | Fell from the grace of Ignis
 12007 | Temple   | Became a worshipper of Warmaster Okawaru
 12008 | Temple   | 12008 ||| PLANNING LAIR
 12152 | Lair:4   | 12152 ||| PLANNING GAUNTLET
 12160 | Lair:4   | Noticed a four-headed hydra
 12169 | Lair:4   | Killed a seven-headed hydra
 12207 | Lair:4   | 12207 ||| Stepping ~*~*~tactically~*~*~ (stealth).
 12209 | Lair:4   | 12209 ||| Stepping ~*~*~tactically~*~*~ (stealth).
 12217 | Lair:4   | 12217 ||| Stepping ~*~*~tactically~*~*~ (outnumbered).
 12218 | Lair:4   | 12218 ||| Stepping ~*~*~tactically~*~*~ (outnumbered).
 12219 | Lair:4   | 12219 ||| Stepping ~*~*~tactically~*~*~ (outnumbered).
 12220 | Lair:4   | 12220 ||| STAIRDANCE
 12222 | Lair:3   | 12222 ||| Stepping ~*~*~tactically~*~*~ (outnumbered).
 12223 | Lair:3   | 12223 ||| Stepping ~*~*~tactically~*~*~ (outnumbered).
 12224 | Lair:3   | 12224 ||| Stepping ~*~*~tactically~*~*~ (outnumbered).
 12237 | Lair:3   | 12237 ||| READING scroll labelled YCEIMU QEHIU.
 12299 | Lair:3   | 12299 ||| Stepping ~*~*~tactically~*~*~ (outnumbered).
 12301 | Lair:3   | 12301 ||| Stepping ~*~*~tactically~*~*~ (outnumbered).
 12302 | Lair:3   | 12302 ||| Stepping ~*~*~tactically~*~*~ (outnumbered).
 12412 | Lair:4   | 12412 ||| STAIRDANCE
 12414 | Lair:3   | 12414 ||| Stepping ~*~*~tactically~*~*~ (outnumbered).
 12415 | Lair:3   | 12415 ||| Stepping ~*~*~tactically~*~*~ (outnumbered).
 12416 | Lair:3   | 12416 ||| Stepping ~*~*~tactically~*~*~ (outnumbered).
 12417 | Lair:3   | 12417 ||| Stepping ~*~*~tactically~*~*~ (outnumbered).
 12418 | Lair:3   | 12418 ||| Stepping ~*~*~tactically~*~*~ (outnumbered).
 12419 | Lair:3   | 12419 ||| Stepping ~*~*~tactically~*~*~ (outnumbered).
 12420 | Lair:3   | 12420 ||| Stepping ~*~*~tactically~*~*~ (outnumbered).
 12452 | Lair:4   | 12452 ||| STAIRDANCE
 12467 | Lair:4   | 12467 ||| STAIRDANCE
 12484 | Lair:4   | 12484 ||| Stepping ~*~*~tactically~*~*~ (hiding).
 12510 | Lair:4   | You fall into a shaft and drop 1 floor!
 12510 | Lair:5   | Entered Level 5 of the Lair of Beasts
 12609 | Lair:5   | Reached skill level 18 in Unarmed Combat
 12658 | Lair:5   | 12658 ||| Stepping ~*~*~tactically~*~*~ (stealth).
 12669 | Lair:5   | Reached skill level 3 in Armour
 12673 | Lair:5   | 12673 ||| Stepping ~*~*~tactically~*~*~ (outnumbered).
 12675 | Lair:5   | 12675 ||| Stepping ~*~*~tactically~*~*~ (outnumbered).
 12677 | Lair:5   | 12677 ||| Stepping ~*~*~tactically~*~*~ (outnumbered).
 12678 | Lair:5   | 12678 ||| Stepping ~*~*~tactically~*~*~ (outnumbered).
 12680 | Lair:5   | 12680 ||| Stepping ~*~*~tactically~*~*~ (outnumbered).
 12681 | Lair:5   | 12681 ||| Stepping ~*~*~tactically~*~*~ (outnumbered).
 12682 | Lair:5   | 12682 ||| Stepping ~*~*~tactically~*~*~ (outnumbered).
 12684 | Lair:5   | Reached * piety under Okawaru
 12685 | Lair:5   | 12685 ||| INVOKING Heroism.
 12693 | Lair:5   | Reached skill level 1 in Invocations
 12773 | Lair:5   | 12773 ||| Stepping ~*~*~tactically~*~*~ (stealth).
 12775 | Lair:5   | 12775 ||| INVOKING Heroism.
 12803 | Lair:5   | 12803 ||| UPGRADING to +4 ring of protection.
 12804 | Lair:5   | 12804 ||| READING scroll labelled ASTANY ENGI.
 12804 | Lair:5   | Identified a scroll of acquirement
 12804 | Lair:5   | 12804 ||| ACQUIRING 726 gold pieces
 12804 | Lair:5   | Acquired 726 gold pieces
 12819 | Lair:4   | 12819 ||| RIP GAUNTLET
 12820 | Lair:4   | 12820 ||| PLANNING LAIR
 12820 | Lair:4   | 12820 ||| INVOKING Heroism.
 12827 | Lair:4   | 12827 ||| Stepping ~*~*~tactically~*~*~ (outnumbered).
 12828 | Lair:4   | 12828 ||| Stepping ~*~*~tactically~*~*~ (outnumbered).
 12829 | Lair:4   | 12829 ||| Stepping ~*~*~tactically~*~*~ (outnumbered).
 12836 | Lair:4   | Reached skill level 3 in Invocations
 12840 | Lair:4   | Reached ** piety under Okawaru
 12999 | Lair:4   | 12999 ||| INVOKING Heroism.
 13007 | Lair:4   | 13007 ||| Stepping ~*~*~tactically~*~*~ (outnumbered).
 13010 | Lair:4   | 13010 ||| Stepping ~*~*~tactically~*~*~ (outnumbered).
 13011 | Lair:4   | 13011 ||| Stepping ~*~*~tactically~*~*~ (outnumbered).
 13030 | Lair:4   | 13030 ||| INVOKING Heroism.
 13331 | Lair:4   | 13331 ||| Stepping ~*~*~tactically~*~*~ (stealth).
 13337 | Lair:4   | 13337 ||| Stepping ~*~*~tactically~*~*~ (stealth).
 13339 | Lair:4   | 13339 ||| INVOKING Heroism.
 13660 | Lair:4   | 13660 ||| UPGRADING to +0 cloak.
 13665 | Lair:4   | 13665 ||| READING 2 scrolls labelled VUISUNUCVO.
 13719 | Lair:4   | 13719 ||| DROPPING scroll of torment.
 13750 | Lair:5   | 13750 ||| INVOKING Heroism.
 13792 | Lair:5   | Found a viscous altar of Jiyva.
 13793 | Lair:5   | Found a staircase to the Slime Pits.
 13933 | Lair:5   | Reached *** piety under Okawaru
 13938 | Lair:5   | Noticed a catoblepas
 13941 | Lair:5   | 13941 ||| INVOKING Heroism.
 13945 | Lair:5   | Killed a catoblepas
 13946 | Lair:5   | Reached XP level 13. HP: 114/127 MP: 12/15
 13983 | Lair:5   | 13983 ||| INVOKING Heroism.
 13984 | Lair:5   | 13984 ||| Stepping ~*~*~tactically~*~*~ (outnumbered).
 13985 | Lair:5   | 13985 ||| Stepping ~*~*~tactically~*~*~ (outnumbered).
 13986 | Lair:5   | 13986 ||| Stepping ~*~*~tactically~*~*~ (hiding).
 14001 | Lair:5   | 14001 ||| Stepping ~*~*~tactically~*~*~ (stealth).
 14016 | Lair:5   | 14016 ||| INVOKING Heroism.
 14019 | Lair:5   | 14019 ||| Stepping ~*~*~tactically~*~*~ (cloud).
 14048 | Lair:5   | 14048 ||| INVOKING Heroism.
 14050 | Lair:5   | 14050 ||| Stepping ~*~*~tactically~*~*~ (outnumbered).
 14051 | Lair:5   | 14051 ||| Stepping ~*~*~tactically~*~*~ (outnumbered).
 14052 | Lair:5   | 14052 ||| Stepping ~*~*~tactically~*~*~ (outnumbered).
 14053 | Lair:5   | 14053 ||| Stepping ~*~*~tactically~*~*~ (outnumbered).
 14054 | Lair:5   | 14054 ||| Stepping ~*~*~tactically~*~*~ (outnumbered).
 14063 | Lair:5   | 14063 ||| Stepping ~*~*~tactically~*~*~ (outnumbered).
 14093 | Lair:5   | 14093 ||| INVOKING Heroism.
 14106 | Lair:5   | Reached **** piety under Okawaru
 14106 | Lair:5   | Received a gift from Okawaru
 14109 | Lair:5   | 14109 ||| Stepping ~*~*~tactically~*~*~ (cloud).
 14110 | Lair:5   | 14110 ||| Stepping ~*~*~tactically~*~*~ (outnumbered).
 14112 | Lair:5   | Reached skill level 19 in Unarmed Combat
 14113 | Lair:5   | 14113 ||| INVOKING Heroism.
 14114 | Lair:5   | 14114 ||| Stepping ~*~*~tactically~*~*~ (hiding).
 14116 | Lair:5   | 14116 ||| Stepping ~*~*~tactically~*~*~ (outnumbered).
 14117 | Lair:5   | 14117 ||| Stepping ~*~*~tactically~*~*~ (outnumbered).
 14118 | Lair:5   | 14118 ||| Stepping ~*~*~tactically~*~*~ (outnumbered).
 14119 | Lair:5   | 14119 ||| Stepping ~*~*~tactically~*~*~ (hiding).
 14120 | Lair:5   | 14120 ||| Stepping ~*~*~tactically~*~*~ (hiding).
 14121 | Lair:5   | 14121 ||| Stepping ~*~*~tactically~*~*~ (outnumbered).
 14122 | Lair:5   | 14122 ||| Stepping ~*~*~tactically~*~*~ (outnumbered).
 14130 | Lair:5   | HP: 14/127 [catoblepas (24)]
 14131 | Lair:5   | 14131 ||| READING 3 scrolls of teleportation.
 14132 | Lair:5   | 14132 ||| DRINKING 4 potions of heal wounds.
 14133 | Lair:5   | 14133 ||| DRINKING 3 potions of heal wounds.
 14134 | Lair:5   | 14134 ||| Stepping ~*~*~tactically~*~*~ (cloud).
 14236 | Lair:5   | 14236 ||| INVOKING Heroism.
 14311 | Lair:5   | 14311 ||| Stepping ~*~*~tactically~*~*~ (outnumbered).
 14474 | Lair:5   | 14474 ||| INVOKING Heroism.
 14477 | Lair:5   | 14477 ||| Stepping ~*~*~tactically~*~*~ (stealth).
 14489 | Lair:5   | 14489 ||| Stepping ~*~*~tactically~*~*~ (stealth).
 14491 | Lair:5   | 14491 ||| Stepping ~*~*~tactically~*~*~ (stealth).
 14493 | Lair:5   | 14493 ||| Stepping ~*~*~tactically~*~*~ (stealth).
 14495 | Lair:5   | 14495 ||| Stepping ~*~*~tactically~*~*~ (stealth).
 14514 | Lair:5   | 14514 ||| Stepping ~*~*~tactically~*~*~ (stealth).
 14516 | Lair:5   | 14516 ||| INVOKING Heroism.
 14684 | Lair:5   | 14684 ||| PLANNING D:1-11
 14684 | Lair:5   | 14684 ||| DROPPING amulet of the acrobat.
 14758 | Lair:2   | 14758 ||| INVOKING Heroism.
 14771 | Lair:2   | 14771 ||| Stepping ~*~*~tactically~*~*~ (cloud).
 14905 | D:9      | Received a gift from Okawaru
 14949 | D:9      | 14949 ||| READING scroll of enchant armour.
 14949 | D:9      | 14949 ||| ENCHANTING +1 acid dragon scales.
 15018 | D:9      | 15018 ||| INVOKING Heroism.
 15052 | D:9      | 15052 ||| Stepping ~*~*~tactically~*~*~ (hiding).
 15061 | D:9      | 15061 ||| INVOKING Heroism.
 15121 | D:9      | You fall into a shaft and drop 2 floors!
 15121 | D:11     | Was forgiven by Ignis
 15222 | D:11     | 15222 ||| INVOKING Heroism.
 15233 | D:11     | Received a gift from Okawaru
 15234 | D:11     | Reached skill level 6 in Invocations
 15253 | D:11     | 15253 ||| Stepping ~*~*~tactically~*~*~ (stealth).
 15254 | D:11     | 15254 ||| Stepping ~*~*~tactically~*~*~ (stealth).
 15286 | D:11     | Found a staircase to the Orcish Mines.
 15388 | D:10     | Entered Level 10 of the Dungeon
 15403 | D:10     | Found a shadowy altar of Dithmenos.
 15409 | D:10     | 15409 ||| INVOKING Heroism.
 15412 | D:10     | 15412 ||| Stepping ~*~*~tactically~*~*~ (outnumbered).
 15459 | D:10     | 15459 ||| Stepping ~*~*~tactically~*~*~ (stealth).
 15460 | D:10     | 15460 ||| Stepping ~*~*~tactically~*~*~ (stealth).
 15524 | D:10     | Noticed Snorg
 15525 | D:10     | 15525 ||| INVOKING Heroism.
 15531 | D:10     | 15531 ||| Stepping ~*~*~tactically~*~*~ (outnumbered).
 15532 | D:10     | 15532 ||| Stepping ~*~*~tactically~*~*~ (outnumbered).
 15533 | D:10     | 15533 ||| Stepping ~*~*~tactically~*~*~ (outnumbered).
 15534 | D:10     | 15534 ||| Stepping ~*~*~tactically~*~*~ (outnumbered).
 15534 | D:10     | HP: 23/128 [Snorg (15)]
 15534 | D:10     | HP: 5/128 [Snorg (18)]
 15535 | D:10     | 15535 ||| READING 3 scrolls of teleportation.
 15535 | D:10     | Slain by Snorg

Levels and vault maps discovered:
D:1:      saegor_arrival_simple_b, layout_loops_ring,
          shapermc_ecumenical_altar_acropolis, chequers_big_river
D:2:      layout_loops_cross, uniq_jessica, uniq_robin, uniq_sigmund
D:3:      layout_basic, lightli_temple_of_fire, xom_teletrap_fun, uniq_ijyb,
          uniq_terence
D:4:      layout_loops_corners, nicolae_overflow_hidden_temple
D:5:      layout_loops_corners, general_overflow_altar,
          nicolae_vehumet_radiance, serial_undead, serial_undead_a,
          serial_undead_c, serial_undead_f, serial_undead_a, serial_undead_d,
          serial_undead_e
D:6:      layout_rooms, mainiacjoe_overflow_concentric_impassable,
          nicolae_yredelemnul_ghost_church, minmay_temple_entry_purple_smoke,
          serial_rivers, chequers_serial_rivers_large_a,
          chequers_serial_rivers_room_a, chequers_serial_rivers_room_a,
          chequers_serial_rivers_micro_d
D:7:      layout_loops_ring, old_standard_altar, serial_shops,
          nicolae_stop_n_shop_2, minmay_puff
D:8:      kennysheep_blocky_hall, layout_gridville
D:9:      layout_loops_corners, nicolae_qazlal_general_emergency
D:10:     wad_pebble_path, layout_irregular_city,
          nicolae_dithmenos_the_darkroom, led_sif_book, kennysheep_mini_moat,
          serial_ice, serial_ice_a, serial_ice_i, serial_ice_c, serial_ice_e,
          uniq_psyche, uniq_snorg
D:11:     layout_loops_corners, orc_david_3, nicolae_trove_entry_columns,
          ebering_ghost_rock_garden
Temple:   compressed_dpeg_circular_temple
Lair:1:   layout_loops_ring, basic_altar, minivault_25, minivault_25,
          lemuel_fruit_tree
Lair:2:   layout_long_grid, palyth_hydra_swamp_entry,
          nicolae_volcano_entry_two_sided, ice2_lemuel
Lair:3:   layout_gridlike, minmay_snake_entry_six_corridors, grunt_megastairs_3
Lair:4:   statuecave_lemuel, layout_small_grid, gauntlet_entry_generic
Lair:5:   evilmike_catoblepas_cave, layout_cave_shapes,
          dpeg_slime_entry_enclosed, grunt_forest_large_clearing_hut

Skill      XL: |  1  2  3  4  5  6  7  8  9 10 11 12 13 |
---------------+----------------------------------------+-----
Unarmed Combat | 4 6 7 9 10 13 15 17 18 19 | 19.0
Throwing       | 1 2 4 5 |  5.6
Fighting       | 3 4 5 6 7 8 |  8.5
Dodging        | 1 2 |  2.4
Armour         | 2 3 |  3.0
Invocations    | 4 6 |  6.6
Spellcasting   | |  1.0
Fire Magic     | |  2.1

Action                   |  1- 3 |  4- 6 |  7- 9 | 10-12 | 13-15 || total
-------------------------+-------+-------+-------+-------+-------++-------
Melee: Unarmed           |    74 |    99 |   258 |   432 |   200 ||  1063
       Punch             |       |     3 |    11 |    27 |    21 ||    62
Throw: Javelin           |     3 |    18 |       |       |     1 ||    22
       Boomerang         |       |    44 |    70 |   104 |    17 ||   235
       Large rock        |       |       |       |       |    18 ||    18
Invok: Fiery Armour      |       |     2 |     1 |     9 |       ||    12
       Heroism           |       |       |       |     8 |    14 ||    22
  Use: Scroll            |     1 |     2 |     9 |    10 |     3 ||    25
       Potion            |       |     2 |     3 |     2 |     2 ||     9
 Stab: Invisible         |       |       |     1 |       |       ||     1
Armor: Robe              |    11 |    35 |    61 |     8 |       ||   115
       Acid dragon scale |       |       |       |   134 |    70 ||   204
Dodge: Dodged            |    19 |    40 |    72 |   126 |    58 ||   315
Block: Other             |       |       |    57 |    71 |    26 ||   154
       Reflection        |       |       |     5 |       |       ||     5

Table legend:
 A = Non-vault XP
 B = Vault XP
 C = Vault XP percentage of total XP
 D = Non-vault monster count
 E = Vault monster count
 F = Vault count percentage of total count
                 A         B        C        D         E       F
            +---------+---------+-------+---------+---------+-------
      Total |   35674 |   20967 |  37.0 |     284 |     106 |  27.2
            +---------+---------+-------+---------+---------+-------
        D:1 |      47 |       0 |   0.0 |      27 |       0 |   0.0
        D:2 |      43 |     310 |  87.8 |      13 |      13 |  50.0
        D:3 |      57 |      73 |  56.2 |      21 |       2 |   8.7
        D:4 |     373 |       0 |   0.0 |      19 |       0 |   0.0
        D:5 |     617 |    1054 |  63.1 |       9 |      16 |  64.0
        D:6 |    1054 |      91 |   7.9 |      22 |       2 |   8.3
        D:7 |    1026 |     456 |  30.8 |      22 |       5 |  18.5
        D:8 |    1181 |     481 |  28.9 |      19 |       4 |  17.4
        D:9 |    3847 |       0 |   0.0 |      33 |       0 |   0.0
       D:10 |    1084 |     922 |  46.0 |      10 |       8 |  44.4
       D:11 |    2746 |      12 |   0.4 |       7 |       4 |  36.4
     Lair:1 |     695 |       0 |   0.0 |       3 |       0 |   0.0
     Lair:2 |    4208 |    3910 |  48.2 |      15 |      18 |  54.5
     Lair:3 |    6673 |    2075 |  23.7 |      23 |       8 |  25.8
     Lair:4 |    6237 |       0 |   0.0 |      23 |       0 |   0.0
     Lair:5 |    5786 |   11583 |  66.7 |      18 |      26 |  59.1
            +---------+---------+-------+---------+---------+-------
